 Dungeon Crawl Stone Soup version 0.19.1-1-g22dce08 (webtiles) character file.

317532 Gorglomux the Slayer (level 21, -5/154 HPs)
             Began as a Gargoyle Fighter on Dec 31, 2016.
             Was an Initiate of Gozag.
             Killed from afar by a lich (illusionary) (47 damage)
             ... with an iron shot
             ... on level 2 of the Depths.
             The game lasted 01:35:14 (42311 turns).

Gorglomux the Slayer (Gargoyle Fighter)            Turns: 42311, Time: 01:35:14

Health: -5/154     AC: 58    Str: 31    XL:     21   Next: 43%
Magic:  18/18      EV: 12    Int: 14    God:    Gozag
Gold:   7171       SH: 19    Dex: 12    Spells: 0 memorised, 20 levels left

rFire  + . .     SeeInvis .     b - +9 demon whip (drain)
rCold  + . .     Gourm    .     o - +7 plate armour {rF+}
rNeg   + + .     Faith    .     c - +0 shield
rPois  ∞         Spirit   .     k - +1 helmet
rElec  +         Reflect  +     j - +2 cloak
rCorr  .         Harm     .     D - +2 pair of gloves {Str+3}
MR     +....                    u - +2 pair of boots
Stlth  ..........               w - +4 amulet of reflection
                                R - ring of protection from cold
                                V - ring "Irag" {rElec rPois rN+ Int+3 Dex+5}

@: gold aura, flying
A: big wings, icy blue scales 1, blurry vision 3, clumsy 1, low mp 1, negative
energy resistance 1, electricity resistance, unbreathing, petrification
resistance, rot immunity, AC +15
a: Stop Flying, Potion Petition, Call Merchant, Bribe Branch, Renounce Religion
}: 2/15 runes: serpentine, barnacled


You were on level 2 of the Depths.
You worshipped Gozag.
Gozag was greatly pleased with you.
You were not hungry.

You visited 7 branches of the dungeon, and saw 37 of its levels.
You visited 1 bazaar.

You collected 18649 gold pieces.
You spent 2410 gold pieces at shops.
You paid 9068 gold pieces to Gozag.

Inventory:

Hand Weapons
 b - a +9 demon whip of draining (weapon)
Armour
 c - a +0 shield (worn)
 j - a +2 cloak (worn)
 k - a +1 helmet (worn)
 o - a +7 plate armour of fire resistance (worn)
 u - a +2 pair of boots (worn)
 D - a +2 pair of gloves of strength (worn)
Jewellery
 h - an uncursed ring of see invisible
 w - a +4 amulet of reflection (around neck)
 C - an uncursed ring of wizardry
 G - an uncursed ring of positive energy
 K - an uncursed ring of protection from magic
 R - a ring of protection from cold (right hand)
 V - the ring "Irag" (left hand) {rElec rPois rN+ Int+3 Dex+5}
   (You found it on level 1 of the Lair of Beasts)

   [ring of positive energy]

   It affects your intelligence (+3).
   It affects your dexterity (+5).
   It insulates you from electricity.
   It protects you from poison.
   It protects you from negative energy.
Wands
 a - a wand of flame (9/48)
 e - a wand of flame (30/48)
 g - a wand of heal wounds (0/9)
 n - a wand of acid (7/15)
 t - a wand of hasting (0/9)
 v - a wand of iceblast (9/15)
 y - a wand of lightning (5/15)
 A - a wand of disintegration (0/24)
 F - a wand of teleportation (0/9)
Scrolls
 l - 17 scrolls of teleportation
 p - 7 scrolls of recharging
 q - 7 scrolls of identify
 r - 2 scrolls of enchant weapon
 s - 7 scrolls of fear
 I - 4 scrolls of blinking
 J - 3 scrolls of magic mapping
 L - 16 scrolls of remove curse
 Z - 3 scrolls of fog
Potions
 d - 3 potions of might
 i - a potion of agility
 B - 7 potions of berserk rage
 E - 3 potions of heal wounds
 H - 5 potions of cure mutation
 M - 3 potions of cancellation
 N - 3 potions of resistance
 P - 4 potions of magic
 S - 6 potions of curing
 W - a potion of invisibility
 Y - a potion of haste
Comestibles
 f - 21 bread rations
 m - 6 meat rations
 x - 16 fruits
 z - 12 beef jerkies
 O - a royal jelly
 X - 2 slices of pizza


   Skills:
 + Level 23.5 Fighting
 - Level 15.8 Maces & Flails
 + Level 21.3 Armour
 - Level 6.3 Dodging
 - Level 16.6 Shields


You had 20 spell levels left.
You didn't know any spells.

Dungeon Overview and Level Annotations

Branches:
Dungeon (15/15)            Temple (0/1) D:6            Lair (6/6) D:8
 Shoals (4/4) Lair:2        Snake (4/4) Lair:4        Slime (0/5) Lair:6
    Orc (2/2) D:10            Elf (0/3) Orc:2        Vaults (4/5) D:13
  Crypt (0/3) Vaults:3     Depths (2/5) D:15

Altars:
Cheibriados
Dithmenos
Fedhas
Gozag
Kikubaaqudgha
Makhleb
Nemelex Xobeh
Trog
Vehumet
Xom
Yredelemnul
Zin
The Shining One

Shops:
D:4 ?   D:14 *   Orc:2 *([(}*}   Shoals:1 (   Snake:1 ==}   Vaults:1 :
Vaults:2 :   Depths:1 ?

Portals:
Hell: Lair:6 Depths:1 Depths:2
Trove: D:12 (give 4 potions of resistance)

Annotations:
Shoals:4 Ilsuiw, Polyphemus
Vaults:3 Bai Suzhen


Innate Abilities, Weirdness & Mutations

You are resistant to torment.
Your stone body is resilient. (AC +15)
You are immune to poison.
Your large and strong wings let you fly indefinitely.
You resist negative energy. (rN+)
You are resistant to electric shocks. (rElec)
You can survive without breathing.
You are immune to petrification.
You are immune to rotting.
You are partially covered in icy blue scales. (AC +2)
Scrolls take you much longer to read.
You are clumsy. (Dex -2)
Your magical capacity is low. (-10% MP)


Message History

Something touches you but does no damage.
You whack something! You closely miss something.
Something touches you but does no damage.
You devastate something!!!
Reactivating autopickup.
You feel a bit more experienced.
You thrash the lich!!
The lich is lightly damaged.
You thrash the lich!!
The lich is lightly damaged.
You block the lich's attack.
You thrash the lich!!
The lich is moderately damaged.
You whack the lich!
The lich is moderately damaged.
The lich points at you and mumbles some strange words.
The iron shot hits you!
You die...
Your body crumbles into a pile of gold.

## ##. ###.. ##### #(...
#@#.# #...≈ ##L## ##...≈ #
##$## ####....≈ #. ##c##
######.#.....≈ ... ##c##
##...##.......≈ ....
##{#####..............
..≈..#c#$##.......#.....#..
...≈≈..R.##..≈....###.......
.......c.###..R...###.......


You could see a lich.

Vanquished Creatures
  Mennas (Vaults:3)
  A juggernaut (Depths:2)
  2 liches
  The ghost of Gorglomux the Slayer, an adept GrFi of Trog (Vaults:2)
  A quicksilver dragon (Depths:2)
  Frances (D:13)
  3 tengu reavers
  3 nagarajas (Snake:4)
  4 fire giants
  5 vault wardens
  6 frost giants
  Aizul (Vaults:1)
  An orc warlord (Vaults:4)
  2 spriggan defenders (Depths:1)
  5 ironheart preservers
  8 very ugly things
  2 entropy weavers
  10 stone giants
  2 vampire knights
  2 deep elf demonologists
  A deep elf annihilator (Vaults:3)
  A dire elephant (Lair:6)
  The ghost of Vajrapani the Brawler, a journeyman TrFi of Okawaru (Lair:2)
  2 spark wasps (Depths:2)
  The ghost of terep12 the Fencer, a journeyman GrBe of Trog (Shoals:2)
  2 green deaths (Snake:1)
  4 merfolk impalers
  8 ettins
  2 crystal guardians
  4 fire dragons
  8 yaktaur captains
  Josephine (D:13)
  5 rakshasas
  5 great orbs of eyes
  4 ice dragons
  The ghost of esteth the Severer, a journeyman MiFi of Makhleb (Lair:2)
  Fannar (Lair:2)
  5 vault guards
  8 hydras
  2 merfolk avatars
  7 naga warriors
  The ghost of crawlian the Destroyer, a journeyman DEFE of Vehumet (Lair:4)
  A spriggan air mage (Depths:2)
  3 alligator snapping turtles
  6 anacondas
  A death yak (Shoals:4)
  7 centaur warriors
  A ghost crab (shapeshifter) (Vaults:3)
  3 death knights
  Erica (D:11)
  4 deep troll shamans
  3 merfolk aquamancers
  4 deep troll earth magi
  A vampire mage (Depths:1)
  13 ogre magi
  A satyr (Shoals:4)
  4 tengu warriors
  A titan zombie (Vaults:4)
  7 naga sharpshooters
  3 orc high priests
  8 spriggan berserkers
  2 shock serpents
  A fire crab (Shoals:4)
  Sonja (D:15)
  A sixfirhy (Lair:6)
  A salamander mystic (Snake:2)
  9 skeletal warriors
  3 unseen horrors
  3 iron trolls
  2 sea snakes
  A glowing orange brain (D:15)
  A spriggan druid (Depths:1)
  6 deep elf archers
  5 naga ritualists (Snake:4)
  10 deep trolls
  3 wizards
  10 ironbrand convokers
  5 hill giants
  A tengu zombie (Vaults:2)
  11 harpies
  10 orc knights
  3 phantasmal warriors
  4 necromancers
  9 mana vipers
  An oklob plant (Lair:1)
  3 orc sorcerers (Orc:2)
  A deep elf mage (Vaults:3)
  30 ugly things
  6 manticores
  A frost giant zombie (Vaults:3)
  A shining eye (shapeshifter) (Depths:2)
  8 wolf spiders
  7 salamanders
  7 cyclopes
  3 sirens
  4 elephants (Lair:4)
  2 fire giant skeletons
  19 black mambas
  A frost giant skeleton (Vaults:4)
  5 centaur zombies
  Psyche (D:8)
  2 gargoyles
  A guardian serpent (Snake:3)
  13 spiny frogs
  4 vault sentinels
  A smoke demon (Lair:6)
  12 naga magi
  4 orange demons
  3 centaur skeletons
  2 torpor snails
  2 yaktaur zombies
  A rime drake (Lair:2)
  An efreet (D:14)
  4 ice devils
  32 yaktaurs
  13 komodo dragons
  A kobold demonologist (D:12)
  2 tengu conjurers
  9 merfolk
  4 human skeletons
  2 yaktaur skeletons
  7 freezing wraiths
  A hellwing (Lair:6)
  A queen bee (shapeshifter) (D:15)
  A wind drake (Shoals:4)
  A red devil (Lair:6)
  9 hornets
  A jumping spider (shapeshifter) (Vaults:4)
  4 trolls
  A polar bear (Lair:4)
  Prince Ribbit (D:8)
  A merfolk (shapeshifter) (D:15)
  2 meliai (shapeshifter) (D:15)
  11 two-headed ogres
  7 blink frogs
  A sphinx simulacrum (Vaults:4)
  33 slime creatures
  A blink frog (shapeshifter) (Vaults:3)
  10 dream sheep
  10 snapping turtles
  10 hippogriffs
  A fire giant simulacrum (Vaults:4)
  An ettin zombie (Vaults:3)
  2 shadows
  22 spriggans
  2 tarantellas
  6 redbacks
  A spriggan (shapeshifter) (D:15)
  3 wyverns
  67 yaks
  A vampire (D:14)
  9 water elementals
  4 basilisks
  2 hungry ghosts (D:10)
  10 wraiths
  Eustachio (D:4)
  5 vampire mosquitoes
  A golden eye (shapeshifter) (Vaults:3)
  6 wargs
  2 mottled dragons
  18 nagas
  14 water moccasins
  A soldier ant (D:13)
  A hell hound (Lair:6)
  10 porcupines
  5 sky beasts
  An eye of draining (shapeshifter) (Vaults:4)
  31 orc warriors
  An ettin simulacrum (Vaults:4)
  4 ice beasts
  3 black bears
  3 eyes of draining
  5 phantoms
  2 necrophages
  40 ogres
  12 wolves
  17 centaurs
  9 crocodiles
  4 big kobolds
  20 bullfrogs
  2 wyvern zombies
  A water moccasin zombie (D:6)
  A scorpion (shapeshifter) (D:15)
  A wyvern skeleton (D:10)
  5 scorpions
  11 wights
  5 electric eels
  3 howler monkeys (D:9)
  6 crimson imps
  8 hounds
  3 human simulacra
  2 quasits
  2 lava snakes (D:13)
  3 bullfrog skeletons
  5 jellies
  20 orc priests
  27 orc wizards
  5 iguanas
  9 worker ants
  A statue (D:7)
  A hound zombie (D:7)
  4 hound skeletons
  2 worker ant zombies
  18 adders
  5 shadow imps
  A white imp (Vaults:4)
  An ufetubus (Vaults:4)
  5 oozes (Lair:6)
  An adder zombie (D:10)
  2 worms (D:2)
  5 dart slugs
  7 leopard geckos
  76 orcs
  2 ball pythons
  9 giant cockroaches
  9 goblins
  5 hobgoblins
  3 jackals (D:9)
  3 quokkas
  14 bats
  2 frilled lizards
  18 kobolds
  A leopard gecko skeleton (D:5)
  7 rats
  A butterfly (Lair:4)
  2 plants (D:8)
1306 creatures vanquished.

Vanquished Creatures (collateral kills)
  Frederick (Vaults:3)
  An ironheart preserver (Vaults:3)
  A very ugly thing (Vaults:2)
  6 merfolk javelineers (Shoals:4)
  A crystal guardian (Vaults:2)
  2 merfolk impalers
  3 merfolk avatars
  A naga warrior (Snake:3)
  A catoblepas (Shoals:4)
  A merfolk aquamancer (Shoals:4)
  A death yak (Shoals:4)
  A shock serpent (Snake:4)
  4 black mambas (Snake:4)
  9 sea snakes
  2 deep trolls
  3 naga ritualists (Snake:4)
  A wizard (Vaults:2)
  10 harpies
  2 fauns
  2 cyclopes
  An ugly thing (Vaults:1)
  10 manticores
  A stone giant skeleton (Vaults:2)
  5 sirens
  2 naga magi (Snake:4)
  A fire giant skeleton (Vaults:3)
  3 water nymphs
  6 yaktaurs
  A troll (Vaults:3)
  14 merfolk
  A two-headed ogre (Vaults:3)
  3 wind drakes
  A dream sheep (Shoals:1)
  A hippogriff (Shoals:1)
  4 slime creatures
  6 snapping turtles
  2 water elementals
  A fire bat (Shoals:4)
  2 nagas (Snake:4)
  A warg (Vaults:3)
  5 ogres
  3 centaurs
  An orc priest (Vaults:3)
  An orc (Vaults:3)
  5 plants
134 creatures vanquished.

Vanquished Creatures (others)
  Nikola (Vaults:1)
  2 nagarajas (Snake:4)
  An ironheart preserver (Vaults:1)
  A deep elf death mage (Vaults:1)
  A great orb of eyes (Vaults:2)
  An ogre mage (Vaults:3)
  2 naga warriors (Snake:4)
  2 deep trolls
  A merfolk aquamancer (Shoals:4)
  A deep troll earth mage (Vaults:1)
  3 naga sharpshooters (Snake:4)
  A deep elf knight (Vaults:3)
  A sea snake (Shoals:3)
  5 naga ritualists (Snake:1)
  A deep elf archer (Vaults:3)
  An unseen horror (Vaults:1)
  An ironbrand convoker (Vaults:1)
  4 deep elf magi
  A necromancer (Vaults:2)
  A salamander (Snake:1)
  6 sirens
  A faun (Shoals:3)
  2 vault sentinels
  3 black mambas (Snake:4)
  A water nymph (Shoals:4)
  7 naga magi
  7 yaktaurs
  7 nagas
  4 merfolk
  5 two-headed ogres
  3 slime creatures (Vaults:1)
  A human simulacrum (Vaults:3)
  5 dream sheep (Lair:4)
  A hippogriff (Shoals:2)
  A porcupine (shapeshifter) (Vaults:3)
  7 ogres
  3 centaurs
  A human zombie (Vaults:3)
  An orc wizard (Vaults:2)
  2 orcs
  A butterfly (Lair:2)
  6 fungi
  134 plants
241 creatures vanquished.

Grand Total: 1681 creatures vanquished

Notes
Turn   | Place    | Note
-------+----------+-------------------------------------------
     0 | D:1      | Gorglomux the Gargoyle Fighter began the quest for the Orb.
     0 | D:1      | Reached XP level 1. HP: 14/14 MP: 1/1
   239 | D:1      | Reached XP level 2. HP: 19/19 MP: 2/2
   533 | D:1      | Reached XP level 3. HP: 23/23 MP: 3/3
  1354 | D:2      | Reached skill level 4 in Fighting
  1354 | D:2      | Reached XP level 4. HP: 24/29 MP: 4/4
  2021 | D:3      | Noticed an ogre
  2033 | D:3      | Killed an ogre
  2033 | D:3      | Reached XP level 5. HP: 27/34 MP: 5/5
  2068 | D:3      | Reached skill level 5 in Maces & Flails
  2289 | D:3      | Reached XP level 6. HP: 29/39 MP: 6/6
  2680 | D:3      | Reached skill level 5 in Fighting
  3206 | D:4      | Reached XP level 7. HP: 44/44 MP: 7/7
  3270 | D:4      | Found Maca's Magic Scroll Shoppe.
  3282 | D:4      | Noticed Eustachio
  3358 | D:4      | Killed Eustachio
  3625 | D:5      | Entered Level 5 of the Dungeon
  3659 | D:5      | Found a bloodstained altar of Trog.
  3731 | D:5      | Found a shadowy altar of Dithmenos.
  3863 | D:5      | Found a snail-covered altar of Cheibriados.
  4188 | D:6      | Reached skill level 6 in Fighting
  4189 | D:6      | Found a blossoming altar of Fedhas.
  4197 | D:6      | Found a bloodstained altar of Trog.
  4197 | D:6      | Found an opulent altar of Gozag.
  4202 | D:6      | Found a faded altar of an unknown god.
  4204 | D:6      | Found a faded altar of an unknown god.
  4205 | D:6      | Found a faded altar of an unknown god.
  4223 | D:6      | Became a worshipper of Gozag Ym Sagoz the Greedy
  4275 | D:6      | Reached XP level 8. HP: 50/51 MP: 8/8
  4375 | D:6      | Identified the Grimoire of Displacement and Calling
  4460 | D:6      | Found a staircase to the Ecumenical Temple.
  4901 | D:6      | Reached skill level 7 in Fighting
  5363 | D:7      | Noticed a hippogriff
  5372 | D:7      | Killed a hippogriff
  5372 | D:7      | Reached XP level 9. HP: 37/59 MP: 9/9
  5486 | D:7      | Found a radiant altar of Vehumet.
  5738 | D:7      | Reached skill level 8 in Fighting
  5805 | D:7      | Reached skill level 10 in Maces & Flails
  6002 | D:8      | Noticed Prince Ribbit
  6041 | D:8      | Killed Prince Ribbit
  6160 | D:8      | Noticed Psyche
  6170 | D:8      | Killed Psyche
  6170 | D:8      | Reached skill level 9 in Fighting
  6268 | D:8      | Found a glowing silver altar of Zin.
  6268 | D:8      | Found a glowing golden altar of the Shining One.
  6298 | D:8      | Identified Poorhidu's Tome of Freezing Envenoming
  6359 | D:8      | Reached XP level 10. HP: 66/66 MP: 10/10
  6471 | D:8      | Found a staircase to the Lair.
  7139 | D:9      | Reached skill level 10 in Fighting
  7465 | D:10     | Entered Level 10 of the Dungeon
  7679 | D:10     | Found a staircase to the Orcish Mines.
  7699 | D:10     | Noticed a hill giant
  7701 | D:10     | Reached XP level 11. HP: 63/73 MP: 11/11
  7713 | D:10     | Killed a hill giant
  7913 | D:10     | Reached skill level 11 in Fighting
  8083 | D:10     | Noticed a hill giant
  8095 | D:10     | Killed a hill giant
  8184 | D:10     | Noticed a hill giant
  8194 | D:10     | Killed a hill giant
  8481 | Lair:1   | Entered Level 1 of the Lair of Beasts
  8748 | Lair:1   | Identified a -3 rod of inaccuracy (11/11) (You found it on level 1 of the Lair of Beasts)
  8765 | Lair:1   | Noticed an oklob plant
  8806 | Lair:1   | Killed an oklob plant
  8808 | Lair:1   | Got a scintillating lapis lazuli ring
  8823 | Lair:1   | Identified the ring "Irag" {rElec rPois rN+ Int+3 Dex+5} (You found it on level 1 of the Lair of Beasts)
  9422 | Lair:2   | Found a staircase to the Shoals.
  9423 | Lair:2   | Noticed a manticore
  9426 | Lair:2   | Reached XP level 12. HP: 81/81 MP: 12/12
  9430 | Lair:2   | Reached skill level 12 in Fighting
  9430 | Lair:2   | Reached skill level 15 in Maces & Flails
  9479 | Lair:2   | Noticed Fannar
  9517 | Lair:2   | Killed Fannar
  9794 | Lair:2   | Noticed esteth's ghost (journeyman MiFi)
  9812 | Lair:2   | Noticed Vajrapani's ghost (journeyman TrFi)
  9827 | Lair:2   | Killed esteth's ghost
  9856 | Lair:2   | Killed Vajrapani's ghost
  9938 | Lair:2   | Noticed an eight-headed hydra
  9953 | Lair:2   | Killed an eight-headed hydra
 10993 | Lair:3   | Reached skill level 13 in Fighting
 11085 | Lair:3   | Reached skill level 5 in Armour
 11096 | Lair:3   | Noticed a six-headed hydra
 11110 | Lair:3   | Killed a six-headed hydra
 11110 | Lair:3   | Reached skill level 5 in Shields
 11681 | Lair:3   | Reached XP level 13. HP: 88/88 MP: 13/13
 12036 | Lair:4   | Found a staircase to the Snake Pit.
 12562 | Lair:4   | Noticed crawlian's ghost (journeyman DEFE)
 12597 | Lair:4   | Killed crawlian's ghost
 12669 | Lair:4   | Found a shimmering altar of Xom.
 13254 | Lair:5   | Reached skill level 14 in Fighting
 13379 | Lair:5   | Found a radiant altar of Vehumet.
 13891 | Lair:6   | Entered Level 6 of the Lair of Beasts
 14237 | Lair:6   | Found a staircase to the Slime Pits.
 14674 | Lair:6   | Gained mutation: Your large and strong wings let you fly indefinitely. [Gargoyle growth]
 14674 | Lair:6   | Reached XP level 14. HP: 60/96 MP: 10/14
 14745 | Lair:6   | Noticed a dire elephant
 14996 | Lair:6   | Killed a dire elephant
 15088 | Lair:6   | Paralysed by a wizard for 7 turns
 15125 | Lair:6   | Reached skill level 15 in Fighting
 15150 | Lair:6   | Found a burning altar of Makhleb.
 15630 | Lair:6   | Reached skill level 10 in Armour
 15709 | Lair:6   | Found a gateway to Hell.
 16142 | D:11     | Noticed Erica
 16153 | D:11     | Killed Erica
 16174 | D:11     | Reached skill level 10 in Shields
 16998 | Orc:1    | Entered Level 1 of the Orcish Mines
 17000 | Orc:1    | Noticed a stone giant
 17196 | D:12     | Found a portal to a secret trove of treasure.
 18058 | D:13     | Noticed Frances
 18073 | D:13     | Killed Frances
 18272 | D:13     | Found a gate to the Vaults.
 18565 | D:13     | Noticed Josephine
 18583 | D:13     | Killed Josephine
 18610 | D:13     | Reached XP level 15. HP: 103/104 MP: 15/15
 19036 | D:14     | Found a runed door.
 19093 | D:14     | Found Utyo's Changing Room.
 19231 | D:14     | Reached skill level 16 in Fighting
 19591 | D:14     | Identified the Almanac of Darkness and Transmigration
 19623 | D:14     | Got a vibrating iron ring
 19625 | D:14     | Identified the ring "Oxasmuq" {Fire Str+4 Stlth+} (You found it on level 14 of the Dungeon)
 20621 | D:15     | Entered Level 15 of the Dungeon
 20765 | D:15     | Found a basalt altar of Yredelemnul.
 20932 | D:15     | Noticed Sonja
 20944 | D:15     | Killed Sonja
 20961 | D:15     | Gained mutation: You are partially covered in icy blue scales. (AC +2) [potion of beneficial mutation]
 20962 | D:15     | Identified a scroll of acquirement
 21272 | D:15     | Found a staircase to the Depths.
 21847 | Orc:2    | Entered Level 2 of the Orcish Mines
 21847 | Orc:2    | Found Pafev's Gadget Shoppe.
 21910 | Orc:2    | Reached skill level 15 in Shields
 21988 | Orc:2    | Gained mutation: Scrolls take you a little longer to read. [a neqoxec]
 21996 | Orc:2    | Gained mutation: Your magical capacity is low. (-10% MP) [a neqoxec]
 22391 | Orc:2    | Found Xayxux's Weapon Shop.
 22402 | Orc:2    | Found a flickering gateway to a bazaar.
 22410 | Bazaar   | Entered a bazaar
 22412 | Bazaar   | Found Tocigaj's Antique Weapon Boutique.
 22416 | Bazaar   | Found Nexkuhiy's Food Boutique.
 22416 | Bazaar   | Found Oblis's Weapon Boutique.
 22416 | Bazaar   | Found Kuplioff's Weapon Boutique.
 22437 | Bazaar   | Bought a meat ration for 45 gold pieces
 22437 | Bazaar   | Bought a fruit for 13 gold pieces
 22437 | Bazaar   | Bought a beef jerky for 13 gold pieces
 22437 | Bazaar   | Bought a beef jerky for 13 gold pieces
 22437 | Bazaar   | Bought a meat ration for 45 gold pieces
 22437 | Bazaar   | Bought a meat ration for 45 gold pieces
 22520 | Orc:2    | Found a staircase to the Elven Halls.
 22520 | Orc:2    | Found Lecwatec's Assorted Antiques.
 22593 | Orc:2    | Bought a scroll of enchant armour for 225 gold pieces
 22593 | Orc:2    | Bought a scroll of teleportation for 90 gold pieces
 22593 | Orc:2    | Bought a scroll of enchant armour for 225 gold pieces
 22741 | Orc:2    | Bought a wand of heal wounds (4/9) for 672 gold pieces
 22851 | Orc:2    | Gained mutation: Scrolls take you longer to read. [a neqoxec]
 22897 | Orc:1    | Reached XP level 16. HP: 90/112 MP: 14/14
 23045 | Orc:2    | Found Gapsaofe's Antique Armour Shoppe.
 23045 | Orc:2    | Found Axet's Antique Weapon Boutique.
 23063 | Orc:2    | Found Cepnoung's Gadget Shoppe.
 23063 | Orc:2    | Found Ycihy's General Store.
 23072 | Orc:2    | Bought a scroll of teleportation for 45 gold pieces
 23072 | Orc:2    | Bought a potion of resistance for 150 gold pieces
 23072 | Orc:2    | Bought a potion of heal wounds for 75 gold pieces
 23359 | D:13     | Reached skill level 17 in Fighting
 23729 | Snake:1  | Entered Level 1 of the Snake Pit
 23918 | Snake:1  | Found Xeelen's Gadget Emporium.
 23918 | Snake:1  | Found Bucaad's Jewellery Shop.
 23919 | Snake:1  | Found Pase's Jewellery Shop.
 23941 | Snake:1  | Found a sparkling altar of Nemelex Xobeh.
 24058 | Snake:1  | Found a runed door.
 24095 | Snake:1  | Got a vibrating iron ring
 24107 | Snake:1  | Identified the ring "Pew Zuoh" {+Inv rC+ Str-3 Dex+3} (You found it on level 1 of the Snake Pit)
 25040 | Snake:3  | Noticed a nagaraja
 25531 | Snake:4  | Entered Level 4 of the Snake Pit
 25649 | Snake:4  | Noticed a nagaraja
 25676 | Snake:4  | Noticed a nagaraja
 25682 | Snake:4  | Reached skill level 1 in Dodging
 25682 | Snake:4  | Killed a nagaraja
 25685 | Snake:4  | Noticed a nagaraja
 25687 | Snake:4  | Noticed a nagaraja
 26342 | Snake:4  | Reached skill level 18 in Fighting
 26366 | Snake:4  | Noticed a nagaraja
 26370 | Snake:4  | Noticed a nagaraja
 26378 | Snake:4  | Killed a nagaraja
 26378 | Snake:4  | Reached XP level 17. HP: 119/119 MP: 15/15
 26598 | Snake:4  | Got a serpentine rune of Zot
 27430 | Shoals:1 | Entered Level 1 of the Shoals
 27679 | Shoals:1 | Found Saolum's Weapon Emporium.
 28119 | Shoals:2 | Noticed terep12's ghost (journeyman GrBe)
 28127 | Shoals:2 | Killed terep12's ghost
 28296 | Shoals:2 | Reached skill level 15 in Armour
 28324 | Shoals:2 | Reached skill level 5 in Dodging
 29685 | Shoals:4 | Entered Level 4 of the Shoals
 29836 | Shoals:4 | Got a barnacled rune of Zot
 29865 | Shoals:4 | Noticed Ilsuiw
 30004 | Shoals:4 | Noticed Polyphemus
 30201 | Shoals:4 | Reached skill level 19 in Fighting
 30413 | Shoals:4 | Got a pair of encrusted gloves
 30424 | Shoals:4 | Identified the +4 pair of gloves of Esioth {rPois rF- rC+ Stlth+} (You found it on level 4 of the Shoals)
 30639 | Shoals:4 | Reached XP level 18. HP: 128/128 MP: 16/16
 31152 | Vaults:1 | Entered Level 1 of the Vaults
 31173 | Vaults:1 | Noticed Aizul
 31191 | Vaults:1 | Killed Aizul
 32560 | Vaults:1 | Noticed Nikola
 32685 | Vaults:1 | Killed Nikola
 33051 | Vaults:1 | Reached skill level 20 in Fighting
 33116 | Vaults:1 | Found Zusytoan's Book Shoppe.
 33743 | Vaults:2 | Noticed Gorglomux's ghost (adept GrFi)
 33777 | Vaults:2 | Killed Gorglomux's ghost
 33874 | Vaults:2 | Found Huuwen's Book Shop.
 34326 | Vaults:2 | Reached XP level 19. HP: 86/136 MP: 17/17
 34936 | Vaults:3 | Noticed Bai Suzhen
 35594 | Vaults:3 | Noticed Frederick
 35607 | Vaults:3 | Killed Frederick
 35607 | Vaults:3 | Reached skill level 21 in Fighting
 36104 | Vaults:3 | Noticed Mennas
 36153 | Vaults:3 | Killed Mennas
 36949 | Vaults:3 | Found an ancient bone altar of Kikubaaqudgha.
 36950 | Vaults:3 | Found a staircase to the Crypt.
 36954 | Vaults:3 | Found a basalt altar of Yredelemnul.
 37613 | Vaults:4 | Noticed a lich
 37622 | Vaults:4 | Killed a lich
 37912 | Vaults:4 | Reached XP level 20. HP: 118/144 MP: 18/18
 38623 | Depths:1 | Entered Level 1 of the Depths
 38638 | Depths:1 | Reached skill level 22 in Fighting
 39013 | Depths:1 | Found Tysenepp's Magic Scroll Emporium.
 39019 | Depths:1 | Bought a scroll of blinking for 157 gold pieces
 39019 | Depths:1 | Bought a scroll of enchant armour for 157 gold pieces
 39019 | Depths:1 | Bought a scroll of identify for 42 gold pieces
 39019 | Depths:1 | Bought a scroll of fear for 73 gold pieces
 41062 | Snake:1  | Bought an uncursed ring of protection from magic for 325 gold pieces
 41562 | Depths:2 | Gained mutation: Scrolls take you much longer to read. [a shining eye]
 41567 | Depths:2 | Gained mutation: You are clumsy. (Dex -2) [a shining eye]
 41775 | Depths:2 | Reached XP level 21. HP: 131/152 MP: 18/18
 41786 | Depths:2 | Reached skill level 23 in Fighting
 42158 | Depths:2 | Noticed a juggernaut
 42172 | Depths:2 | Killed a juggernaut
 42311 | Depths:2 | Killed from afar by a lich (illusionary)

Skill      XL: |  1  2  3  4  5  6  7  8  9 10 11 12 13 14 15 16 17 18 19 20 21 |
---------------+----------------------------------------------------------------+-----
Maces & Flails | 3 4 5 6 7 9 11 13 14 15 | 15.8
Fighting       | 4 5 6 7 9 10 11 13 14 15 16 18 19 20 21 22 23 | 23.5
Armour         | 5 8 11 12 14 15 17 19 20 21 | 21.3
Shields        | 5 8 12 15 16 | 16.6
Dodging        | 3 6 |  6.3

Action                   |  1- 3 |  4- 6 |  7- 9 | 10-12 | 13-15 | 16-18 | 19-21 || total
-------------------------+-------+-------+-------+-------+-------+-------+-------++-------
Melee: Flail             |   143 |   217 |   296 |       |       |       |       ||   656
       Whip              |       |       |   180 |   901 |  2198 |   724 |       ||  4003
       Demon whip        |       |       |       |       |       |  1067 |  1622 ||  2689
Throw: Tomahawk          |       |       |       |     3 |       |       |       ||     3
Invok: Bribe Branch      |       |       |       |       |       |     3 |       ||     3
 Abil: Fly               |       |       |       |       |     1 |       |       ||     1
Evoke: Rod               |       |       |       |     3 |       |       |       ||     3
       Wand              |       |       |       |     6 |       |     7 |    10 ||    23
  Use: Scroll            |       |       |    20 |    14 |     9 |    17 |     2 ||    62
       Potion            |       |       |       |       |     1 |       |     5 ||     6
 Stab: Distracted        |       |       |       |     5 |     8 |    28 |    22 ||    63
       Paralysed         |       |       |       |       |       |     5 |       ||     5
  Eat: Chunk             |     2 |     6 |     4 |       |       |       |     1 ||    13
       Bread ration      |       |       |     1 |     1 |     1 |       |       ||     3
       Fruit             |       |       |     2 |     1 |     3 |     2 |       ||     8
       Meat ration       |       |       |       |     1 |     7 |     7 |     5 ||    20
       Pizza             |       |       |       |     2 |       |       |       ||     2
       Royal jelly       |       |       |       |     2 |       |       |       ||     2
       Beef jerky        |       |       |       |     2 |       |       |       ||     2
Armor: Chain mail        |   114 |   164 |   385 |   364 |   396 |       |       ||  1423
       Plate armour      |       |       |       |       |   376 |   519 |   535 ||  1430
Dodge: Dodged            |    32 |    66 |    97 |    99 |   276 |   242 |   292 ||  1104
Block: Shield            |   109 |   122 |   228 |   251 |   904 |  1033 |   937 ||  3584
       Reflection        |       |       |       |       |    13 |   104 |    54 ||   171
